 Dungeon Crawl Stone Soup version 0.28.0 (webtiles) character file.

Game seed: 2194665672885054067

114 horus123 the Magician (level 4, -2/28 HPs)
             Began as a Deep Elf Earth Elementalist on Feb 13, 2022.
             Slain by an orc (9 damage)
             ... on level 3 of the Dungeon.
             The game lasted 00:03:56 (2618 turns).

horus123 the Magician (Deep Elf Earth Elementalist) Turns: 2618, Time: 00:03:56

Health: -2/28      AC:  3    Str: 13    XL:     4   Next: 67%
Magic:  11/12      EV: 12    Int: 20    God:
Gold:   63         SH:  0    Dex: 15    Spells: 10/11 levels left

rFire   . . .      SeeInvis .   a - +1 demon blade (elec)
rCold   . . .      Faith    .   (no shield)
rNeg    . . .      Spirit   .   m - +0 leather armour
rPois   .          Reflect  .   (no helmet)
rElec   +          Harm     .   (no cloak)
rCorr   .          Rampage  .   (no gloves)
Will    +....                   (no boots)
Stlth   ++........              f - amulet of regeneration
HPRegen 0.89/turn               n - ring of Xalesie {rElec Str+6}
MPRegen 0.13/turn               e - ring of willpower

@: no status effects
A: no striking features
a: no special abilities


You were on level 3 of the Dungeon.
You visited 1 branch of the dungeon, and saw 3 of its levels.

You collected 63 gold pieces.

Inventory:

Hand Weapons
 a - a +1 demon blade of electrocution (weapon)
Armour
 b - a +0 robe
 d - a +0 scale mail
 m - a +0 leather armour (worn)
Jewellery
 e - a ring of willpower (right hand)
 f - an amulet of regeneration (around neck)
 n - the ring of Xalesie (left hand) {rElec Str+6}
   (You found it on level 3 of the Dungeon)

   [ring of strength]

   Str:       It affects your strength (+6).
   rElec:     It insulates you from electricity.
Scrolls
 i - a scroll of enchant weapon {unknown}
Potions
 g - a potion of haste {unknown}
 h - 2 potions of curing {unknown}
 j - a potion of mutation {unknown}
 k - a potion of might {unknown}
 l - a potion of magic {unknown}


   Skills:
 - Level 3.0 Fighting
 + Level 0.7 Long Blades
 - Level 2.4 Dodging
 - Level 2.4 Stealth
 - Level 4.0 Spellcasting
 - Level 1.1 Transmutations
 - Level 3.2 Earth Magic


You had 10 spell levels left.
You knew the following spells:

 Your Spells              Type           Power      Damage    Failure   Level
a - Sandblast             Erth           34%        2d9       4%          1

Your spell library contained the following spells:

 Spells                   Type           Power      Damage    Failure   Level
 Passwall                 Tmut/Erth      10%        N/A       10%         2
 Magic Dart               Conj           16%        1d3       16%         1
 Call Imp                 Summ           4%         N/A       24%         2
 Stone Arrow              Conj/Erth      20%        3d8       26%         3
 Mephitic Cloud           Conj/Pois/Air  4%         N/A       43%         3
 Petrify                  Tmut/Erth      12%        N/A       54%         4


Dungeon Overview and Level Annotations

Branches:
Dungeon (3/15)

Altars:

Shops:
D:3 !


Message History

i - a scroll labelled KEDUV CEOQ VIV No target in view!
An orc comes into view.
It is wielding a +0 club. 2 orcs and an orc priest come into view.
The orc shouts! x2
You hit the orc.
The orc is heavily wounded.
The orc hits you with a +0 club. The orc hits you but does no damage.
You hit the orc.
You kill the orc!
You barely miss the orc priest.
You punch the orc priest, but do no damage.
The orc priest hits you with a +0 dagger.
The orc closely misses you.
The blast of sand hits the orc priest.
The orc priest is moderately wounded.
You now have no stones remaining.
The orc priest hits you but does no damage.
The orc barely misses you.
You don't have any stones to cast with.
You closely miss the orc priest.
The orc priest is moderately wounded.
The orc priest calls down the wrath of Beogh upon you.
Beogh smites you!
Ouch! That really hurt!
The orc closely misses you. The orc hits you with a +0 dagger.
* * * LOW HITPOINT WARNING * * *
The orc priest barely misses you.
You hit the orc priest.
The orc priest is heavily wounded.
The orc priest closely misses you. The orc hits you with a +0 dagger.
* * * LOW HITPOINT WARNING * * *
You barely miss the orc priest.
The orc priest is heavily wounded.
The orc priest barely misses you. The orc barely misses you.
You hit the orc priest.
Lightning courses through the orc priest!
You kill the orc priest!
The orc barely misses you. The orc hits you with a +0 flail!
You die...

#.#..... #.......
########......
#######........##...
#...##..##########..
#...##.## #..
#......# ###
#...####
#..@#**********
#..oo......,,,*#####
#...#######**,,.....
#...# ***##### #...#
##### * *# ********
*#. *,,,,,,* **#..


You could see 2 orcs.

Vanquished Creatures
  An orc priest (D:3)
  Terence (D:3)
  3 adders
  A worm (D:2)
  3 dart slugs
  An orc (D:3)
  4 bats
  2 endoplasms (D:1)
  2 giant cockroaches (D:2)
  3 goblins (D:1)
  3 hobgoblins
  4 jackals (D:1)
  3 quokkas
  2 ball pythons (D:1)
  8 frilled lizards
  4 kobolds
  8 rats
53 creatures vanquished.

Notes
Turn   | Place    | Note
-------+----------+-------------------------------------------
     0 | D:1      | horus123 the Deep Elf Earth Elementalist began the quest
                  | for the Orb.
     0 | D:1      | Reached XP level 1. HP: 10/10 MP: 6/6
   422 | D:1      | Reached skill level 4 in Spellcasting
   422 | D:1      | Reached XP level 2. HP: 15/15 MP: 7/9
   610 | D:1      | Reached skill level 1 in Fighting
  1091 | D:1      | Reached XP level 3. HP: 15/20 MP: 7/10
  2303 | D:3      | Identified the ring of Xalesie {rElec Str+6}
  2315 | D:3      | Reached XP level 4. HP: 27/27 MP: 10/12
  2404 | D:3      | Found Womappadd's Distillery.
  2408 | D:3      | Noticed Terence
  2440 | D:3      | Killed Terence
  2618 | D:3      | Slain by an orc

Illustrated notes

Levels and vault maps discovered:
D:1:      dpeg_arrival_solitude, layout_loops_corners, serial_forest,
          infiniplex_forest_end_1, infiniplex_forest_lined_2,
          infiniplex_forest_corner_2, infiniplex_forest_straight_3
D:2:      layout_loops_ring, chequers_serial_rivers_large_b
D:3:      layout_rooms, mainiacjoe_overflow_alcove_4,
          nicolae_overflow_hidden_temple,
          shapermc_ecumenical_altar_mp_highgroup, serial_shops,
          nicolae_shop_hallway_stairs, uniq_terence, uniq_robin, uniq_ijyb

Skill      XL: |  1  2  3  4 |
---------------+-------------+-----
Spellcasting   | 4 |  4.0
Fighting       | 1 2 3 |  3.0
Long Blades    | |  0.7
Dodging        | |  2.4
Stealth        | |  2.4
Transmutations | |  1.1
Earth Magic    | |  3.2

Action                   |  1- 3 |  4- 6 || total
-------------------------+-------+-------++-------
Melee: Demon blade       |    15 |    21 ||    36
       Punch             |       |     1 ||     1
 Cast: Sandblast         |    55 |    13 ||    68
  Use: Scroll            |     3 |       ||     3
Armor: Robe              |     4 |       ||     4
       Leather armour    |     1 |     3 ||     4
Dodge: Dodged            |    29 |    21 ||    50
